 Dungeon Sprint DCSS version 0.23.0-2-g0fe3ce5 (webtiles) character file.

Game seed: 18347031025212389066

48241 nuthulu the Unseen (level 14, -18/110 HPs)
             Began as a Gnoll Fighter on Feb 19, 2019.
             Was the Champion of Cheibriados.
             Killed from afar by Azrael (33 damage)
             ... with a fireball
             ... in the Dungeon (Sprint V: "Ziggurat Sprint").
             The game lasted 00:08:04 (2109 turns).

nuthulu the Unseen (Gnoll Fighter)                  Turns: 2109, Time: 00:08:05

Health: -18/110    AC: 35    Str: 38    XL:     14   Next: 45%
Magic:  37/41      EV: 21    Int: 28    God:    Cheibriados [******]
Gold:   0          SH: 37    Dex: 40    Spells: 41/41 levels left

rFire    . . .     SeeInvis +   F - +14 obsidian axe {chop, +Fly SInv *Curse} (curse)
rCold    + . .     Gourm    .   H - +18 shield of the Gong {rElec rN+ MR+ EV-5}
rNeg     + . .     Faith    .   G - +15 Maxwell's patent armour {-Cast -Tele rElec MR+ rCorr}
rPois    .         Spirit   .   b - +0 helmet of the Gravedigger {rCorr Int-3 Dex+6}
rElec    +         Reflect  .   o - +0 cloak {+Inv}
rCorr    +         Harm     .   (no gloves)
MR       +++..     NoTele   +   (no boots) Stlth +.........NoCast +
                                j - amulet of the Invisible Allies {RegenMP Dex+3}
HPRegen  0.28/turn              K - ring of Henakk {MP+9 Stlth-}
MPRegen  0.52/turn              C - +6 ring of intelligence

@: mesmerised, contaminated, glowing, studying 2 skills, invisible (but backlit
and visible) (expiring), very slow
A: distributed training, fangs 1, cold resistance 1, deterioration 1, frail 1,
sense surroundings 1, strong nose
a: Bend Time, Temporal Distortion, Slouch, Step From Time, Renounce Religion,
Evoke Flight


You were in the Dungeon.
You worshipped Cheibriados.
Cheibriados was exalted by your worship.
You were not hungry.

You visited 1 branch

Inventory:

Hand Weapons
 F - the cursed +14 obsidian axe (weapon) {chop, +Fly SInv *Curse}
   (You found it in the Dungeon)

   It inflicts extra damage upon your enemies.
   It lets you see invisible.
   It lets you fly.
   It curses itself when equipped.
   It has a curse placed upon it.
Armour
 b - the +0 helmet of the Gravedigger (worn) {rCorr Int-3 Dex+6}
   (You found it in the Dungeon)

   It affects your intelligence (-3).
   It affects your dexterity (+6).
   It provides partial protection from all sources of acid and corrosion.
 h - the +2 cloak of Boiling Hail {rPois Stlth+}
   (You found it in the Dungeon)

   It protects you from poison.
   It makes you more stealthy.
 o - a +0 cloak of invisibility (worn)
 G - the +15 Maxwell's patent armour (worn) {-Cast -Tele rElec MR+ rCorr}
   (You found it in the Dungeon)

   It insulates you from electricity.
   It affects your resistance to hostile enchantments.
   It prevents spellcasting.
   It prevents most forms of teleportation.
   It provides partial protection from all sources of acid and corrosion.
 H - the +18 shield of the Gong (worn) {rElec rN+ MR+ EV-5}
   (You found it in the Dungeon)

   It affects your evasion (-5).
   It insulates you from electricity.
   It protects you from negative energy.
   It affects your resistance to hostile enchantments.
Jewellery
 a - a +5 ring of dexterity
 j - the amulet of the Invisible Allies (around neck) {RegenMP Dex+3}
   (You found it in the Dungeon)

   [amulet of magic regeneration]

   It increases your magic regeneration.
   It affects your dexterity (+3).
 z - a +6 ring of dexterity
 A - a +6 ring of dexterity
 B - a +6 ring of intelligence
 C - a +6 ring of intelligence (right hand)
 D - a +6 ring of strength
 E - a +6 ring of strength
 I - a +5 ring of intelligence
 J - an uncursed ring of ice
 K - the ring of Henakk (left hand) {MP+9 Stlth-}
   (You found it in the Dungeon)

   [ring of attention]

   It affects your magic capacity (+9).
   It makes you less stealthy.
 M - a +1 ring of evasion
 N - an uncursed ring of ice
Wands
 w - a wand of disintegration (7)
 x - a wand of iceblast (16)
 y - a wand of acid (7)
Scrolls
 k - 4 scrolls of blinking
 q - 4 scrolls of amnesia
 r - 8 scrolls of fog
 s - a scroll of holy word
 t - 5 scrolls of identify
 u - 5 scrolls of remove curse
 v - 2 scrolls of fear
 L - 4 scrolls of enchant armour
 O - 4 scrolls of enchant weapon
Potions
 d - 8 potions of might
 e - 9 potions of curing
 g - 14 potions of heal wounds
 i - 7 potions of magic
 l - 2 potions of brilliance
 m - 2 potions of invisibility
 n - 4 potions of resistance
 p - 5 potions of agility
Books
 c - a manual of Stealth
 P - a manual of Staves
Comestibles
 f - 4 rations


   Skills:
 + Level 15.3 Fighting
 + Level 14.2 Short Blades
 + Level 14.2 Long Blades
 + Level 14.8 Axes
 + Level 14.2 Maces & Flails
 + Level 14.2 Polearms
 + Level 14.3 Staves
 + Level 14.2 Slings
 + Level 14.2 Bows
 + Level 14.2 Crossbows
 + Level 14.2 Throwing
 + Level 15.3 Armour
 + Level 14.2 Dodging
 + Level 18.0 Stealth
 + Level 15.3 Shields
 + Level 14.2 Unarmed Combat
 + Level 14.2 Spellcasting
 + Level 12.2 Conjurations
 + Level 12.2 Hexes
 + Level 12.2 Charms
 + Level 12.2 Summonings
 + Level 12.2 Necromancy
 + Level 12.2 Translocations
 + Level 12.2 Transmutations
 + Level 12.2 Fire Magic
 + Level 12.2 Ice Magic
 + Level 12.2 Air Magic
 + Level 12.2 Earth Magic
 + Level 12.2 Poison Magic
 + Level 15.3 Invocations
 + Level 14.2 Evocations


You had 41 spell levels left.
You didn't know any spells.
Your spell library was empty.

Dungeon Overview and Level Annotations

Branches:
Dungeon (1/1)

Altars:
Ashenzari
Cheibriados
Dithmenos
Elyvilon
Fedhas
Gozag
Hepliaklqana
Kikubaaqudgha
Makhleb
Nemelex Xobeh
Okawaru
Qazlal
Ru
Sif Muna
Trog
Uskayaw
Vehumet
Wu Jian
Xom
Yredelemnul
Zin
The Shining One
Beogh
Jiyva
Lugonu

Annotations:
D Azrael, Erica, Erolcha, Gastronok, Kirke, Maurice, Nikola, Rupert, Saint Roka, Snorg


Innate Abilities, Weirdness & Mutations

Your experience applies equally to all skills.
You have very sharp teeth.
Your uncanny sense of smell can sniff out nearby items.
Your flesh is cold resistant. (rC+)
Your body sometimes deteriorates upon taking damage.
You are frail. (-10% HP)
You passively map a small area around you.


Message History

You destroy Menkaure!
Cheibriados appreciates the change of pace.
You kill Donald!
Cheibriados appreciates the change of pace.
You kill Blork the orc!
Cheibriados thoroughly appreciates the change of pace.
Your Stealth skill increases to level 18!
You kill Ijyb!
Cheibriados thoroughly appreciates the change of pace.
You feel somewhat more hungry.
Saint Roka says, "In the orcish mines, orcs kill the likes of YOU!"
Saint Roka calls down the wrath of Beogh upon you.
Beogh smites you!
* * * LOW HITPOINT WARNING * * *
Nikola is engulfed in blazing flames.
Maurice casts a spell.
Maurice puts on a burst of speed!
Azrael gestures at you.
The fireball explodes!
The fireball engulfs you!!
You die...

8_8_8_8▓ , ▓.....8©8 ......_▓
..}[.=).)w}}"..▓..=.".|:
..))..8▓*..@@o})))}[)°..▓....).:|
......_▓ .....@.O).@@...▓........
......8▓ ......T........▓......÷.
..}..._▓ .........)○....▓.....)).
..=...8▓ .........R.....▓........
..|..._▓ ...............▓......[.
......8▓*....)..@4......▓..▓..)..
......_▓ .........3.....▓.▓▓▓....
......8▓ ...............▓..▓.....
......_▓ ...............▓........
8_8_8_8▓ ...............▓......©.
▓▓▓▓▓▓▓▓ ...............▓▓▓▓▓▓▓▓▓
,, .......©.......▓.....8©8 ∆∆∆∆∆
▓▓▓▓▓▓▓▓▓▓▓▓▓▓▓▓..[}[[)) , 8
▓..|)|:()


You could see Saint Roka, Nikola, Gastronok, Rupert, Kirke, Snorg, Azrael, Erica
(invisible), Maurice, Erolcha, a friendly orange demon and a friendly neqoxec.

Vanquished Creatures
  An iron giant (D)
  A lich (D)
  An acid blob (D)
  Polyphemus (D)
  Donald (D)
  An azure jelly (D)
  A nagaraja (D)
  Louise (D)
  3 reapers (D)
  2 vampire knights (D)
  Nessos (D)
  4 merfolk impalers (D)
  3 death oozes (D)
  3 mummy priests (D)
  2 naga warriors (D)
  3 merfolk aquamancers (D)
  A vampire mage (D)
  Urug (D)
  A deep elf knight (D)
  3 skeletal warriors (D)
  3 sea snakes (D)
  2 deep elf archers (D)
  A necromancer (D)
  A shining eye (D)
  4 deep elf magi (D)
  A cyclops (D)
  A merfolk siren (D)
  Psyche (D)
  A naga mage (D)
  A black mamba (D)
  3 rust devils (D)
  2 water nymphs (D)
  A spiny frog (D)
  A red devil (D)
  An ice devil (D)
  3 guardian mummies (D)
  2 tormentors (D)
  A wind drake (D)
  Prince Ribbit (D)
  3 merfolk (D)
  7 slime creatures (D)
  A flying skull (D)
  2 shadows (D)
  A vampire (D)
  Eustachio (D)
  A golden eye (D)
  Menkaure (D)
  Edmund (D)
  A naga (D)
  Duvessa (D)
  A water moccasin (D)
  A floating eye (D)
  A black bear (D)
  A phantom (D)
  3 necrophages (D)
  5 centaurs (D)
  Blork the orc (D)
  A bullfrog (D)
  A wight (D)
  A crimson imp (D)
  4 jellies (D)
  Crazy Yiuf (D)
  2 iron imps (D)
  Ijyb (D)
  Terence (D)
  An iguana (D)
  2 mummies (D)
  An adder (D)
  A river rat (D)
  A shadow imp (D)
  A white imp (D)
  An ufetubus (D)
  3 oozes (D)
  6 adder skeletons (D)
  3 adder zombies (D)
  2 ball pythons (D)
  2 bat skeletons (D)
  4 bat zombies (D)
  A ball python zombie (D)
  A quokka zombie (D)
141 creatures vanquished.

Vanquished Creatures (collateral kills)
  A great orb of eyes (D)
  A dancing weapon (D)
  A deep elf archer (D)
  A shining eye (D)
  A guardian serpent (D)
  A black mamba (D)
  2 slime creatures (D)
  A slime creature (shapeshifter) (D)
  A spriggan (D)
  A basilisk (D)
  A golden eye (D)
  A floating eye (D)
  A hell hound (D)
  A necrophage (D)
  2 wolves (D)
  2 oozes (D)
  A bat skeleton (D)
  A bat zombie (D)
  A giant cockroach zombie (D)
22 creatures vanquished.

Vanquished Creatures (others)
  Grum (D)
  Dowan (D)
2 creatures vanquished.

Grand Total: 165 creatures vanquished

Notes
Turn   | Place    | Note
-------+----------+-------------------------------------------
     0 | D        | Found the +6 Majin-Bo {vamp, Archmagi MP+6 Int+6}
     0 | D        | Found the +7 great mace "Firestarter" {inner flame, rF++}
     0 | D        | nuthulu the Gnoll Fighter began the quest for the Orb.
     0 | D        | Reached XP level 1. HP: 23/23 MP: 1/1
     0 | D        | Found a deep blue altar of Sif Muna.
     0 | D        | Found a sacrificial altar of Ru.
     0 | D        | Found a bloodstained altar of Trog.
     0 | D        | Found a stormy altar of Qazlal.
     0 | D        | Found an iron altar of Okawaru.
     0 | D        | Found a sparkling altar of Nemelex Xobeh.
     0 | D        | Found a blossoming altar of Fedhas.
     2 | D        | Found a transporter.
     2 | D        | Found an ancient bone altar of Kikubaaqudgha.
     2 | D        | Found a viscous altar of Jiyva.
     2 | D        | Found a corrupted altar of Lugonu.
     2 | D        | Found a hazy altar of Hepliaklqana.
     2 | D        | Found a burning altar of Makhleb.
     2 | D        | Found an opulent altar of Gozag.
    18 | D        | Found the +9 heavy crossbow "Sniper" {velocity, Acc+∞ SInv}
    18 | D        | Found the +10 dark maul {crush}
    18 | D        | Found the +15 Maxwell's patent armour {-Cast -Tele rElec
                  | MR+ rCorr}
    18 | D        | Found the +18 shield of the Gong {rElec rN+ MR+ EV-5}
    18 | D        | Found the cursed +14 obsidian axe {chop, +Fly SInv *Curse}
    55 | D        | Became a worshipper of Cheibriados the Contemplative
    68 | D        | Reached skill level 5 in Axes
    68 | D        | Reached skill level 2 in Stealth
    68 | D        | Reached skill level 1 in Conjurations
    68 | D        | Reached skill level 1 in Hexes
    68 | D        | Reached skill level 1 in Charms
    68 | D        | Reached skill level 1 in Summonings
    68 | D        | Reached skill level 1 in Necromancy
    68 | D        | Reached skill level 1 in Translocations
    68 | D        | Reached skill level 1 in Transmutations
    68 | D        | Reached skill level 1 in Fire Magic
    68 | D        | Reached skill level 1 in Ice Magic
    68 | D        | Reached skill level 1 in Air Magic
    68 | D        | Reached skill level 1 in Earth Magic
    68 | D        | Reached skill level 1 in Poison Magic
    68 | D        | Reached XP level 2. HP: 31/31 MP: 1/5
    97 | D        | Entered arena 2.
    97 | D        | Noticed a deep elf mage
    97 | D        | Noticed a deep elf knight
    97 | D        | Found a transporter.
    99 | D        | Noticed a rust devil
   101 | D        | Killed a deep elf mage
   101 | D        | Reached skill level 5 in Short Blades
   101 | D        | Reached skill level 5 in Long Blades
   101 | D        | Reached skill level 5 in Maces & Flails
   101 | D        | Reached skill level 5 in Polearms
   101 | D        | Reached skill level 5 in Staves
   101 | D        | Reached skill level 5 in Slings
   101 | D        | Reached skill level 5 in Bows
   101 | D        | Reached skill level 5 in Crossbows
   101 | D        | Reached skill level 5 in Throwing
   101 | D        | Reached skill level 5 in Dodging
   101 | D        | Reached skill level 5 in Stealth
   101 | D        | Reached skill level 5 in Unarmed Combat
   101 | D        | Reached skill level 5 in Spellcasting
   101 | D        | Reached skill level 5 in Invocations
   101 | D        | Reached skill level 5 in Evocations
   101 | D        | Reached XP level 3. HP: 17/38 MP: 4/9
   101 | D        | Reached XP level 4. HP: 21/45 MP: 4/11
   101 | D        | Reached XP level 5. HP: 23/50 MP: 4/12
   101 | D        | Reached XP level 6. HP: 26/57 MP: 4/13
   101 | D        | Killed a deep elf knight
   101 | D        | Reached skill level 6 in Stealth
   101 | D        | Reached skill level 5 in Conjurations
   101 | D        | Reached skill level 5 in Hexes
   101 | D        | Reached skill level 5 in Charms
   101 | D        | Reached skill level 5 in Summonings
   101 | D        | Reached skill level 5 in Necromancy
   101 | D        | Reached skill level 5 in Translocations
   101 | D        | Reached skill level 5 in Transmutations
   101 | D        | Reached skill level 5 in Fire Magic
   101 | D        | Reached skill level 5 in Ice Magic
   101 | D        | Reached skill level 5 in Air Magic
   101 | D        | Reached skill level 5 in Earth Magic
   101 | D        | Reached skill level 5 in Poison Magic
   101 | D        | Reached XP level 7. HP: 30/64 MP: 4/16
   101 | D        | Reached XP level 8. HP: 33/71 MP: 4/17
   344 | D        | Entered arena 3.
   344 | D        | Found a transporter.
   347 | D        | Reached * piety under Cheibriados
   355 | D        | Entered arena 4.
   355 | D        | Noticed a slime creature
   355 | D        | Found a transporter.
   357 | D        | Paralysed by a floating eye for 3 turns
   360 | D        | Reached ** piety under Cheibriados
   360 | D        | Noticed an orange demon
   366 | D        | Killed a slime creature
   366 | D        | Reached *** piety under Cheibriados
   396 | D        | Entered arena 5.
   396 | D        | Noticed a spriggan
   396 | D        | Found a transporter.
   398 | D        | Reached skill level 7 in Stealth
   398 | D        | Reached **** piety under Cheibriados
   398 | D        | Reached XP level 9. HP: 75/78 MP: 19/19
   488 | D        | Entered arena 6.
   488 | D        | Found a transporter.
   491 | D        | Reached ***** piety under Cheibriados
   500 | D        | Got the +0 helmet of the Gravedigger {rCorr Int-3 Dex+6}
   507 | D        | Entered arena 7.
   507 | D        | Noticed a spiny frog
   507 | D        | Noticed a black mamba
   508 | D        | Found a transporter.
   511 | D        | Killed a black mamba
   511 | D        | Reached ****** piety under Cheibriados
   511 | D        | Reached skill level 10 in Fighting
   511 | D        | Reached skill level 10 in Armour
   511 | D        | Reached skill level 10 in Shields
   512 | D        | Killed a spiny frog
   520 | D        | Got the +2 cloak of Boiling Hail {rPois Stlth+}
   522 | D        | Entered arena 8.
   523 | D        | Found a transporter.
   532 | D        | Got the amulet of the Invisible Allies {RegenMP Dex+3}
   536 | D        | Entered arena 9.
   536 | D        | Noticed a +1 long sword of slicing
   536 | D        | Noticed a deep elf mage
   536 | D        | Noticed a deep elf mage
   536 | D        | Noticed a deep elf archer
   536 | D        | Noticed a deep elf archer
   536 | D        | Noticed a deep elf archer
   536 | D        | Noticed a deep elf mage
   537 | D        | Found a transporter.
   540 | D        | Killed a deep elf mage
   540 | D        | Reached skill level 8 in Stealth
   541 | D        | Killed a deep elf archer
   541 | D        | Reached XP level 10. HP: 83/86 MP: 20/22
   542 | D        | Killed a deep elf mage
   542 | D        | Reached skill level 9 in Stealth
   543 | D        | Killed a deep elf mage
   543 | D        | Killed a deep elf archer
   543 | D        | Reached skill level 10 in Axes
   545 | D        | Killed a +1 long sword of slicing
   545 | D        | Reached skill level 10 in Stealth
   549 | D        | Killed a deep elf archer
   549 | D        | Reached skill level 10 in Invocations
   552 | D        | Entered arena 10.
   552 | D        | Noticed a shining eye
   554 | D        | Found a transporter.
   554 | D        | Paralysed by a floating eye for 3 turns
   554 | D        | Gained mutation: Your body sometimes deteriorates upon
                  | taking damage. [a shining eye]
   557 | D        | Noticed a glowing shapeshifter
   557 | D        | an ooze changed into a glowing shapeshifter
   558 | D        | Noticed an eye of devastation
   558 | D        | a glowing shapeshifter changed into an eye of devastation
   558 | D        | Noticed a death drake
   558 | D        | an eye of devastation changed into a death drake
   560 | D        | Noticed a rust devil
   560 | D        | Gained mutation: You passively map a small area around you.
                  | [a shining eye]
   560 | D        | Killed a shining eye
   562 | D        | Noticed a deep troll
   562 | D        | a death drake changed into a deep troll
   564 | D        | a deep troll changed into a slime creature
   565 | D        | Reached XP level 11. HP: 91/93 MP: 24/24
   572 | D        | Entered arena 11.
   572 | D        | Noticed a cyclops
   573 | D        | Identified the cursed +1 longbow "Omelette" {flame, rElec
                  | rPois MP-9 Dex+3}
   576 | D        | Reached skill level 11 in Stealth
   581 | D        | Found a transporter.
   584 | D        | Killed a cyclops
   593 | D        | Got the ring of Henakk {MP+9 Stlth-}
   655 | D        | Entered arena 12.
   655 | D        | Noticed a mummy priest
   656 | D        | Noticed a mummy priest
   656 | D        | Noticed a mummy priest
   657 | D        | Noticed a sun demon
   661 | D        | Reached skill level 10 in Short Blades
   661 | D        | Reached skill level 10 in Long Blades
   661 | D        | Reached skill level 10 in Maces & Flails
   661 | D        | Reached skill level 10 in Polearms
   661 | D        | Reached skill level 10 in Staves
   661 | D        | Reached skill level 10 in Slings
   661 | D        | Reached skill level 10 in Bows
   661 | D        | Reached skill level 10 in Crossbows
   661 | D        | Reached skill level 10 in Throwing
   661 | D        | Reached skill level 10 in Dodging
   661 | D        | Reached skill level 10 in Unarmed Combat
   661 | D        | Reached skill level 10 in Spellcasting
   661 | D        | Reached skill level 10 in Evocations
   661 | D        | Killed a mummy priest
   662 | D        | Killed a mummy priest
   662 | D        | Reached skill level 12 in Stealth
   662 | D        | Killed a mummy priest
   663 | D        | Found a transporter.
  1074 | D        | Entered arena 13.
  1074 | D        | Noticed a nagaraja
  1075 | D        | Noticed a naga warrior
  1075 | D        | Noticed a naga warrior
  1084 | D        | Killed a nagaraja
  1084 | D        | Reached skill level 13 in Stealth
  1084 | D        | Reached XP level 12. HP: 73/101 MP: 26/26
  1089 | D        | Killed a naga warrior
  1092 | D        | Killed a naga warrior
  1095 | D        | Found a transporter.
  1267 | D        | Entered arena 14.
  1268 | D        | Noticed an iron giant
  1268 | D        | Noticed a reaper
  1273 | D        | Killed a reaper
  1276 | D        | Killed an iron giant
  1276 | D        | Reached skill level 14 in Stealth
  1277 | D        | Found a transporter.
  1436 | D        | Entered arena 15.
  1437 | D        | Noticed a reaper
  1437 | D        | Noticed a reaper
  1438 | D        | Found the amulet of Vitality {Regen+ HP+15}
  1441 | D        | Reached skill level 10 in Conjurations
  1441 | D        | Reached skill level 10 in Hexes
  1441 | D        | Reached skill level 10 in Charms
  1441 | D        | Reached skill level 10 in Summonings
  1441 | D        | Reached skill level 10 in Necromancy
  1441 | D        | Reached skill level 10 in Translocations
  1441 | D        | Reached skill level 10 in Transmutations
  1441 | D        | Reached skill level 10 in Fire Magic
  1441 | D        | Reached skill level 10 in Ice Magic
  1441 | D        | Reached skill level 10 in Air Magic
  1441 | D        | Reached skill level 10 in Earth Magic
  1441 | D        | Reached skill level 10 in Poison Magic
  1443 | D        | Killed a reaper
  1444 | D        | Killed a reaper
  1503 | D        | Found a transporter.
  1626 | D        | Entered arena 16.
  1627 | D        | Noticed a merfolk impaler
  1627 | D        | Noticed a merfolk aquamancer
  1627 | D        | Noticed a merfolk impaler
  1627 | D        | Noticed a merfolk impaler
  1627 | D        | Noticed a merfolk impaler
  1627 | D        | Noticed a merfolk aquamancer
  1627 | D        | Noticed a merfolk aquamancer
  1629 | D        | Reached XP level 13. HP: 109/109 MP: 29/29
  1630 | D        | Reached skill level 15 in Stealth
  1632 | D        | Killed a merfolk impaler
  1632 | D        | Killed a merfolk impaler
  1632 | D        | Killed a merfolk impaler
  1634 | D        | Killed a merfolk impaler
  1636 | D        | Found a transporter.
  1681 | D        | Entered arena 17.
  1684 | D        | Noticed a lich
  1685 | D        | Noticed a vampire knight
  1685 | D        | Noticed a vampire knight
  1687 | D        | Reached skill level 16 in Stealth
  1691 | D        | Killed a lich
  1692 | D        | Killed a vampire knight
  1692 | D        | Killed a vampire knight
  1699 | D        | Found a transporter.
  1904 | D        | Entered arena 18.
  1908 | D        | Noticed Psyche
  1908 | D        | Noticed Polyphemus
  1908 | D        | Noticed Edmund
  1909 | D        | Noticed Duvessa
  1909 | D        | Noticed Urug
  1909 | D        | Noticed Eustachio
  1909 | D        | Noticed Louise
  1910 | D        | Found a transporter.
  1912 | D        | Killed Psyche
  1912 | D        | Killed Duvessa
  1913 | D        | Killed Edmund
  1913 | D        | Killed Eustachio
  1914 | D        | Killed Urug
  1917 | D        | Killed Louise
  1917 | D        | Reached XP level 14. HP: 121/121 MP: 17/31
  1919 | D        | Killed Polyphemus
  1919 | D        | Reached skill level 17 in Stealth
  2025 | D        | Entered arena 19.
  2029 | D        | Found the +5 pair of quick blades "Gyre" and "Gimble"
                  | {pierce, Dex-3}
  2030 | D        | Noticed an azure jelly
  2030 | D        | Noticed an acid blob
  2030 | D        | Gained mutation: You are frail. (-10% HP) [a shining eye]
  2032 | D        | Gained mutation: Your flesh is cold resistant. (rC+) [a
                  | shining eye]
  2036 | D        | Found a transporter.
  2041 | D        | Reached skill level 15 in Fighting
  2041 | D        | Reached skill level 15 in Armour
  2041 | D        | Reached skill level 15 in Shields
  2041 | D        | Killed an azure jelly
  2041 | D        | Reached skill level 15 in Invocations
  2042 | D        | Killed an acid blob
  2101 | D        | Entered arena 20.
  2105 | D        | Noticed Dowan
  2107 | D        | Noticed Nessos
  2107 | D        | Noticed Saint Roka
  2107 | D        | Noticed Blork the orc
  2107 | D        | Noticed Ijyb
  2107 | D        | Noticed Crazy Yiuf
  2107 | D        | Noticed Menkaure
  2107 | D        | Noticed Terence
  2107 | D        | Noticed Azrael
  2108 | D        | Noticed Rupert
  2108 | D        | Noticed Erica
  2108 | D        | Noticed Kirke
  2108 | D        | Noticed Snorg
  2108 | D        | Noticed Prince Ribbit
  2108 | D        | Noticed Erolcha
  2108 | D        | Noticed Donald
  2108 | D        | Noticed Gastronok
  2108 | D        | Noticed Grum
  2108 | D        | Noticed Maurice
  2108 | D        | Noticed Nikola
  2108 | D        | Killed Dowan
  2108 | D        | Killed Grum
  2109 | D        | Found the +9 staff of Wucad Mu {channel}
  2109 | D        | Killed Nessos
  2109 | D        | Killed Terence
  2109 | D        | Killed Prince Ribbit
  2109 | D        | Killed Crazy Yiuf
  2109 | D        | Killed Menkaure
  2109 | D        | Killed Donald
  2109 | D        | Killed Blork the orc
  2109 | D        | Reached skill level 18 in Stealth
  2109 | D        | Killed Ijyb
  2109 | D        | Killed from afar by Azrael

Skill      XL: |  1  2  3  4  5  6  7  8  9 10 11 12 13 14 |
---------------+-------------------------------------------+-----
Fighting       | 7 8 9 10 11 12 13 14 15 | 15.3
Short Blades   | 2 5 6 7 8 9 10 12 13 14 | 14.2
Long Blades    | 2 5 6 7 8 9 10 12 13 14 | 14.2
Axes           | 5 6 7 8 9 10 11 12 14 | 14.8
Maces & Flails | 2 5 6 7 8 9 10 12 13 14 | 14.2
Polearms       | 2 5 6 7 8 9 10 12 13 14 | 14.2
Staves         | 2 5 6 7 8 9 10 12 13 14 | 14.3
Slings         | 2 5 6 7 8 9 10 12 13 14 | 14.2
Bows           | 2 5 6 7 8 9 10 12 13 14 | 14.2
Crossbows      | 2 5 6 7 8 9 10 12 13 14 | 14.2
Throwing       | 2 5 6 7 8 9 10 12 13 14 | 14.2
Armour         | 7 8 9 10 11 12 13 14 15 | 15.3
Dodging        | 2 5 6 7 8 9 10 12 13 14 | 14.2
Stealth        | 2 5 6 7 8 10 13 14 16 18 | 18.0
Shields        | 7 8 9 10 11 12 13 14 15 | 15.3
Unarmed Combat | 2 5 6 7 8 9 10 12 13 14 | 14.2
Spellcasting   | 2 5 6 7 8 9 10 12 13 14 | 14.2
Conjurations   | 1 4 5 6 7 9 10 11 12 | 12.2
Hexes          | 1 4 5 6 7 9 10 11 12 | 12.2
Charms         | 1 4 5 6 7 9 10 11 12 | 12.2
Summonings     | 1 4 5 6 7 9 10 11 12 | 12.2
Necromancy     | 1 4 5 6 7 9 10 11 12 | 12.2
Translocations | 1 4 5 6 7 9 10 11 12 | 12.2
Transmutations | 1 4 5 6 7 9 10 11 12 | 12.2
Fire Magic     | 1 4 5 6 7 9 10 11 12 | 12.2
Ice Magic      | 1 4 5 6 7 9 10 11 12 | 12.2
Air Magic      | 1 4 5 6 7 9 10 11 12 | 12.2
Earth Magic    | 1 4 5 6 7 9 10 11 12 | 12.2
Poison Magic   | 1 4 5 6 7 9 10 11 12 | 12.2
Invocations    | 2 5 6 7 9 10 11 13 14 15 | 15.3
Evocations     | 2 5 6 7 8 9 10 12 13 14 | 14.2

Action                   |  1- 3 |  4- 6 |  7- 9 | 10-12 | 13-15 || total
-------------------------+-------+-------+-------+-------+-------++-------
Melee: Broad axe         |     3 |       |    25 |    33 |    17 ||    78
       Bite              |     2 |       |     5 |     7 |     2 ||    16
Invok: Slouch            |       |       |       |    23 |    21 ||    44
 Abil: Evoke Invisibilit |       |       |       |       |     3 ||     3
  Use: Potion            |     1 |       |       |       |     1 ||     2
 Stab: Distracted        |       |       |       |     3 |     1 ||     4
       Invisible         |       |       |       |       |    11 ||    11
  Eat: Ration            |       |       |       |     1 |     2 ||     3
Armor: Plate armour      |     1 |       |    23 |    18 |    15 ||    57
Dodge: Dodged            |       |       |    18 |    10 |    21 ||    49
Block: Shield            |     4 |       |    71 |    71 |    51 ||   197
